AoeStats
← KırımTatarı

Arabia

508928589Analyzed
3v3 RM · 8d ago on Sep 24, 2026· 27m 29s· 6 players
Game mode
Random Map
Map size
Normal (6 player)
Population
200
Speed
Normal
Resources
Standard
Victory
Conquest
Starting age
Dark Age
Ending age
Imperial Age
RankedLock teamsTeams togetherTeam positionsShared explorationLock speedFull tech treeHidden civsTurbo modeCheats
Victory
Defeat
🇹🇷 Koreans · Türkiye
1160
+15
🇹🇷 Magyars · Türkiye
1099
+17
🇹🇷 Vietnamese · Türkiye
1095
+17
🇹🇷 Malians · Türkiye
1254
-21
🇹🇷 Gurjaras · Türkiye
1112
-16
🇹🇷 Britons · Türkiye
1018
-12
Kaçika Exeal Kaçika
6:52 Loom
9:24 Feudal Age
10:09 Double-Bit Axe
15:27 Fletching
22:35 Castle Age
20:28 Gold Mining
22:42 Crossbowman
23:18 Bodkin Arrow
24:35 Bow Saw
27:51 Wheelbarrow
27:54 Gold Shaft Mining
KırımTatarı
6:14 Loom
9:37 Feudal Age
10:42 Double-Bit Axe
14:06 Horse Collar
20:22 Castle Age
19:37 Bloodlines
20:25 Scale Barding Armor
20:13 Gold Mining
23:30 Husbandry
25:30 Chain Barding Armor
HoChiMinh
5:59 Loom
9:04 Feudal Age
9:41 Double-Bit Axe
19:27 Castle Age
17:39 Horse Collar
17:52 Gold Mining
19:39 Crossbowman
20:19 Fletching
20:30 Padded Archer Armor
20:51 Bow Saw
21:03 Bodkin Arrow
22:51 Wheelbarrow
22:40 Squires
23:22 Pikeman
24:18 Forging
ilia topuria
5:37 Loom
10:44 Feudal Age
15:51 Town Watch
19:40 Castle Age
17:39 Man-at-Arms
19:06 Scale Mail Armor
19:01 Arson
19:42 Long Swordsman
23:30 Squires
24:42 Chain Mail Armor
24:47 Pikeman
EtZeL
5:42 Loom
10:11 Feudal Age
10:41 Town Watch
16:57 Double-Bit Axe
22:59 Castle Age
23:14 Fletching
24:08 Wheelbarrow
23:24 Crossbowman
24:18 Bodkin Arrow
25:01 Padded Archer Armor
reconquista.ad
10:47 Feudal Age
16:15 Castle Age
14:51 Double-Bit Axe
17:11 Husbandry
18:02 Scale Barding Armor
Connection lost

Rejoining the realm…

Still unreachable

The connection could not be restored.

Session expired

The server has moved on; the page needs a fresh start.